 Dungeon Crawl Stone Soup version 0.28-a0-390-gb254ac4902 (webtiles) character file.

Game seed: 1728725449109704147

114 Zebbs the Covered (level 4, -2/41 HPs)
             Began as a Minotaur Fighter on Sept 3, 2021.
             Was an Initiate of Okawaru.
             Succumbed to Jessica's poison
             ... on level 3 of the Dungeon.
             The game lasted 00:06:03 (2282 turns).

Zebbs the Covered (Minotaur Fighter)                Turns: 2282, Time: 00:06:04

Health: -2/41      AC:  7    Str: 22    XL:     4   Next: 67%
Magic:  3/3        EV: 10    Int:  5    God:    Okawaru [......]
Gold:   92         SH:  4    Dex:  9    Spells: 3/3 levels left

rFire   . . .      SeeInvis .   a - +1 war axe
rCold   . . .      Faith    .   c - +0 buckler
rNeg    . . .      Spirit   .   b - +0 scale mail
rPois   .          Reflect  .   (helmet restricted)
rElec   .          Harm     .   (no cloak)
rCorr   .          Rampage  .   (no gloves)
Will    .....                   (no boots)
Stlth   ..........              (no amulet)
HPRegen 0.13/turn               (no ring)
MPRegen 0.08/turn               (no ring)

@: mighty, lethally poisoned (-2 -> -22)
A: horns 2, retaliatory headbutt
a: Renounce Religion


You were on level 3 of the Dungeon.
You worshipped Okawaru.
Okawaru was noncommittal.
You visited 1 branch of the dungeon, and saw 3 of its levels.

You collected 92 gold pieces.

Inventory:

Hand Weapons
 a - a +1 war axe (weapon)
Armour
 b - a +0 scale mail (worn)
 c - a +0 buckler (worn)
Jewellery
 j - an amulet of guardian spirit
Scrolls
 g - a scroll of identify {unknown}
 h - a scroll of enchant weapon
Potions
 d - 2 potions of might
 i - 2 potions of lignification {unknown}
 k - a potion of magic {unknown}


   Skills:
 + Level 4.3 Fighting
 + Level 4.0 Axes
 + Level 4.4 Armour
 + Level 1.5 Dodging
 + Level 4.1 Shields


You had 3 spell levels left.
You didn't know any spells.
Your spell library was empty.

Dungeon Overview and Level Annotations

Branches:
Dungeon (3/15)

Altars:
Elyvilon
Okawaru


Innate Abilities, Weirdness & Mutations

You have a pair of horns on your head.
You reflexively headbutt those who attack you in melee.


Message History

Jessica gestures at you while chanting. You resist with some effort.
You hit Jessica. You headbutt Jessica, but do no damage.
Jessica is heavily wounded.
Jessica hits you with a +0 dagger of venom.
You are poisoned.
You barely miss Jessica.
Jessica is heavily wounded.
You feel very sick.
Jessica drinks a potion.
Jessica seems to grow stronger.
Jessica hits you with a +0 dagger of venom!
You are more poisoned.
You closely miss Jessica. You headbutt Jessica, but do no damage.
Jessica is heavily wounded.
You feel very sick. Jessica hits you but does no damage.
You are lethally poisoned!
You closely miss Jessica.
Jessica is heavily wounded.
You feel extremely sick.
Jessica hits you with a +0 dagger of venom.
You are more poisoned.
It was a potion of cancellation.
You feel magically purged.
* * * LOW HITPOINT WARNING * * *
You feel very sick. You block Jessica's attack.
It was a potion of heal wounds.
You feel much better.
You feel very sick.
Jessica hits you with a +0 dagger of venom.
You are lethally poisoned!
You feel very mighty all of a sudden.
You feel very sick.
Jessica grins evilly.
Jessica gestures at you while chanting. Pain shoots through your body!
* * * LOW HITPOINT WARNING * * *
You slash Jessica!
You kill Jessica!
Okawaru accepts your kill.
You die...

.....># #.# #.#.#
#.####### #####(#
#.# #.#.# #.# #.#
#.####.#.###.# #.#
####......<.. ..#
#.#####............
...
#.......#######.##.
###
#.###########...#
.#
####.............#
#.....#########@.#
#.##.## #).# #.##.#
#..# #.##.# #..#
##.##.# #..#
......# #...
...#### ##.# ####
..


There were no monsters in sight!

Vanquished Creatures
  Jessica (D:3)
  Terence (D:2)
  An adder (D:2)
  A gnoll (D:2)
  A dart slug (D:2)
  An orc (D:3)
  3 endoplasms
  3 giant cockroaches
  6 goblins
  5 hobgoblins
  13 jackals
  5 quokkas
  4 ball pythons
  3 bats (D:1)
  4 frilled lizards
  4 kobolds
  5 rats
61 creatures vanquished.

Notes
Turn   | Place    | Note
-------+----------+-------------------------------------------
     0 | D:1      | Zebbs the Minotaur Fighter began the quest for the Orb.
     0 | D:1      | Reached XP level 1. HP: 19/19 MP: 0/0
    93 | D:1      | Reached XP level 2. HP: 27/27 MP: 1/1
   323 | D:1      | Reached XP level 3. HP: 31/33 MP: 2/2
   577 | D:2      | Found an iron altar of Okawaru.
   583 | D:2      | Became a worshipper of Warmaster Okawaru
   611 | D:2      | Noticed Terence
   614 | D:2      | Killed Terence
   650 | D:2      | Reached XP level 4. HP: 28/40 MP: 3/3
   990 | D:2      | Found a faded altar of an unknown god.
  1120 | D:2      | Reached skill level 1 in Dodging
  2099 | D:3      | Found a white marble altar of Elyvilon.
  2273 | D:3      | Noticed Jessica
  2282 | D:3      | Killed Jessica
  2282 | D:3      | Succumbed to Jessica's poison

Illustrated notes

Levels and vault maps discovered:
D:1:      wheals_arrival_shading, layout_rooms
D:2:      layout_loops_cross, hellmonk_ecumenical_altar_crossroads, basic_altar,
          cheibrodos_gnoll_hut, uniq_terence
D:3:      layout_loops_ring, nicolae_elyvilon_temple_path,
          minmay_joined_circles, uniq_jessica

Skill      XL: |  1  2  3  4 |
---------------+-------------+-----
Axes           | 3 4 |  4.0
Fighting       | 4 |  4.3
Armour         | 4 |  4.4
Shields        | 4 |  4.1
Dodging        | 1 |  1.5

Action                   |  1- 3 |  4- 6 || total
-------------------------+-------+-------++-------
Melee: War axe           |    58 |    51 ||   109
       Headbutt          |     6 |    12 ||    18
  Use: Scroll            |       |     3 ||     3
       Potion            |       |     3 ||     3
Armor: Scale mail        |    27 |    19 ||    46
Dodge: Dodged            |    29 |    32 ||    61
Block: Buckler           |    16 |     9 ||    25

Table legend: (Time is in decaauts)
 A = Elapsed time spent in this place.
 B = Non-inter-level travel time spent in this place.
 C = Inter-level travel time spent in this place.
 D = Time resting spent in this place.
 E = Time spent auto-exploring this place.
 F = Levels seen in this place.
 G = Mean time per level.
                   A        B        C        D        E       F      G
               +--------+--------+--------+--------+--------+-----+--------+
         Total |   2317 |   2317 |      0 |    310 |   1482 |   3 |  772.3 |
       Dungeon |   2317 |   2317 |      0 |    310 |   1482 |   3 |  772.3 |
               +--------+--------+--------+--------+--------+-----+--------+

Top non-repeatable levels by time:
     D:2: 1123 daAuts
     D:3: 601 daAuts
     D:1: 593 daAuts
